 Dungeon Crawl Stone Soup version 0.21.1-1-g345015f (webtiles) character file.

53 prawnwizard the Digger (level 3, 0/19 HPs)
             Began as a Gargoyle Earth Elementalist on July 10, 2018.
             Killed from afar by an orc wizard (3 damage)
             ... with a magic dart
             ... on level 3 of the Dungeon.
             The game lasted 00:03:04 (2350 turns).

prawnwizard the Digger (GrEE)                       Turns: 2350, Time: 00:03:05

Health: 0/19       AC:  5    Str: 11    XL:     3   Next: 87%
Magic:  1/6        EV: 12    Int: 16    God:
Gold:   100        SH:  0    Dex: 10    Spells: 6/7 levels left

rFire    . . .     SeeInvis .   h - +0 club
rCold    . . .     Gourm    .   (no shield)
rNeg     + . .     Faith    .   c - +0 robe
rPois    ∞         Spirit   .   (no helmet)
rElec    +         Reflect  .   (no cloak)
rCorr    .         Harm     .   (no gloves)
MR       .....                  (no boots)
Stlth    ++........             (no amulet)
HPRegen  0.06/turn              (no ring)
MPRegen  0.10/turn              (no ring)

@: no status effects
A: negative energy resistance 1, electricity resistance, unbreathing,
petrification resistance, rot immunity, AC +3
a: no special abilities


You were on level 3 of the Dungeon.
You were very hungry.

You visited 1 branch of the dungeon, and saw 3 of its levels.

You collected 100 gold pieces.

Inventory:

Hand Weapons
 h - a +0 club (weapon)
Missiles
 b - 46 stones (quivered)
Armour
 c - a +0 robe (worn)
Scrolls
 g - a scroll of identify {unknown}
 l - 2 scrolls of remove curse {unknown}
 m - a scroll of teleportation {unknown}
Potions
 a - 2 potions of might {unknown}
 f - a potion of magic {unknown}
 i - 2 potions of agility {unknown}
 j - a potion of heal wounds
 k - a potion of brilliance {unknown}
Books
 e - a book of Geomancy

   Spells                             Type                      Level
   a - Sandblast                      Earth                        1
   b - Passwall                       Transmutation/Earth          2
   c - Stone Arrow                    Conjuration/Earth            3
   d - Petrify                        Transmutation/Earth          4
   e - Lee's Rapid Deconstruction     Earth                        5
Comestibles
 d - 5 rations


   Skills:
 - Level 1.5 Dodging
 - Level 2.1 Stealth
 + Level 2.6 Spellcasting
   Level 0.7 Transmutations
 * Level 5.1 Earth Magic


You had 6 spell levels left.
You knew the following spells:

 Your Spells              Type           Power        Failure   Level  Hunger
a - Sandblast             Erth           ###...       2%          1    #......


Dungeon Overview and Level Annotations

Branches:
Dungeon (3/15)

Altars:
Gozag
Qazlal


Innate Abilities, Weirdness & Mutations

You are resistant to torment.
Your stone body is resilient. (AC +3)
You are immune to poison.
You resist negative energy. (rN+)
You are resistant to electric shocks. (rElec)
You can survive without breathing.
You are immune to petrification.
You are immune to rotting.


Message History

Unknown command.
The orc wizard points at you and mumbles some strange words.
The magic dart hits you!
The orc wizard mumbles some strange words.
The orc wizard blinks!
The orc wizard hits you but does no damage.
Casting: Sandblast
Confirm with . or Enter, or press ? or * to list all spells.
You don't have enough magic to cast that spell.
Unknown command.
You closely miss the orc wizard.
The orc wizard is severely wounded.
The orc wizard mumbles some strange words.
The orc wizard blinks!
The orc wizard casts a spell at you. The magic dart hits you!
* * * LOW HITPOINT WARNING * * *
The orc wizard points at you and mumbles some strange words.
The magic dart hits you!
You die...

##### ####.#
#.......## #.#
.........####.#
#....≈≈≈o...#...#
#...≈≈≈≈≈...##..#
...≈≈...≈≈...#.##
...≈≈.>.≈≈...#.#
...≈≈...≈≈...#.#
#...≈≈≈≈≈@..##.#
#....≈≈≈....#..#
#.........##.##
##.......##..#
###...###..##
#...#...##
#...#.###
######.##.#
...........#


You could see an orc wizard.

Vanquished Creatures
  An ooze (D:1)
  2 worms (D:3)
  2 dart slugs (D:1)
  2 giant cockroaches (D:1)
  4 goblins (D:1)
  5 hobgoblins
  4 kobolds
  A ball python (D:1)
  6 bats
  3 frilled lizards (D:1)
  11 rats
41 creatures vanquished.

Notes
Turn   | Place    | Note
-------+----------+-------------------------------------------
     0 | D:1      | prawnwizard the Gargoyle Earth Elementalist began the quest for the Orb.
     0 | D:1      | Reached XP level 1. HP: 10/10 MP: 3/3
   502 | D:1      | Reached skill level 4 in Earth Magic
   503 | D:1      | Reached XP level 2. HP: 15/15 MP: 1/5
   631 | D:1      | Reached XP level 3. HP: 7/19 MP: 6/6
  1856 | D:2      | Found a stormy altar of Qazlal.
  1935 | D:2      | Reached skill level 5 in Earth Magic
  1938 | D:2      | Found an opulent altar of Gozag.
  2350 | D:3      | Killed from afar by an orc wizard

Skill      XL: |  1  2  3 |
---------------+----------+-----
Earth Magic    | 4 5 |  5.1
Dodging        | |  1.5
Stealth        | |  2.1
Spellcasting   | |  2.6
Transmutations | |  0.7

Action                   || total
-------------------------++-------
Melee: Unarmed           ||    15
       Club              ||   176
 Cast: Sandblast         ||    27
 Stab: Sleeping          ||     6
  Eat: Chunk             ||     4
Armor: Robe              ||    73
Dodge: Dodged            ||   187
